 Dungeon Crawl Stone Soup version 0.28-a0-1339-ga5422284a4 (webtiles) character file.

Game seed: 15515827325689627207

86 dracfodder the Digger (level 4, 0/24 HPs)
             Began as a Gargoyle Earth Elementalist on Dec 28, 2021.
             Slain by an ogre (24 damage)
             ... on level 2 of the Dungeon.
             The game lasted 00:11:42 (2084 turns).

dracfodder the Digger (Gargoyle Earth Elementalist) Turns: 2084, Time: 00:11:43

Health: 0/24       AC:  6    Str: 12    XL:     4   Next: 49%
Magic:  7/8        EV: 12    Int: 17    God:
Gold:   65         SH:  0    Dex: 10    Spells: 3/9 levels left

rFire   . . .      SeeInvis .   d - +2 dagger (elec)
rCold   . . .      Faith    .   (no shield)
rNeg    + . .      Spirit   .   b - +0 robe
rPois   ∞          Reflect  .   (no helmet)
rElec   +          Harm     .   (no cloak)
rCorr   .          Rampage  .   k - +0 pair of gloves
Will    .....                   (no boots)
Stlth   ++........              (no amulet)
HPRegen 0.08/turn               (no ring)
MPRegen 0.11/turn               (no ring)

@: no status effects
A: sickness immunity, AC +3, negative energy resistance 1, electricity
resistance, torment resistance 1, petrification resistance
a: no special abilities


You were on level 2 of the Dungeon.
You visited 1 branch of the dungeon, and saw 3 of its levels.

You collected 65 gold pieces.

Inventory:

Hand Weapons
 d - a +2 dagger of electrocution (weapon)
Missiles
 a - 2 throwing nets
 c - 57 stones
 e - 3 silver javelins
 f - 19 arrows
 g - 36 bolts
Armour
 b - a +0 robe (worn)
 k - a +0 pair of gloves (worn)
Potions
 j - a potion of haste {unknown}
 l - 2 potions of curing {unknown}


   Skills:
 + Level 1.6 Dodging
 + Level 2.2 Stealth
 * Level 3.1 Spellcasting
 + Level 0.8 Transmutations
 * Level 5.2 Earth Magic


You had 3 spell levels left.
You knew the following spells:

 Your Spells              Type           Power      Damage    Failure   Level
a - Sandblast             Erth           40%        2d10      1%          1
b - Passwall              Tmut/Erth      10%        N/A       8%          2
c - Stone Arrow           Conj/Erth      22%        3d8       19%         3

Your spell library contained the following spells:

 Spells                   Type           Power      Damage    Failure   Level
 Petrify                  Tmut/Erth      13%        N/A       45%         4


Dungeon Overview and Level Annotations

Branches:
Dungeon (3/15)

Altars:


Innate Abilities, Weirdness & Mutations

You are immune to sickness and miasma.
Your stone body is resilient. (AC +3)
You are immune to poison.
You resist negative energy. (rN+)
You are resistant to electric shocks. (rElec)
You are resistant to unholy torment.
You are immune to petrification.


Message History

Aim: a hobgoblin (heavily wounded, 81% to hit)
The blast of sand hits the hobgoblin!
You kill the hobgoblin!
You start resting.
Magic restored.
There is a stone staircase leading down here.
You climb downwards.
There is a stone staircase leading up here.
You climb upwards.
There is a stone staircase leading down here.
You open the door.
Found a leather armour.
There is an open door here.
You open the door.
There is an open door here.
g - 36 bolts (gained 13)
c - 58 stones (gained 17)
You open the door.
There is an open door here.
A bat and an endoplasm come into view.
Found 20 stones.
The endoplasm quivers.
You hit the bat.
You kill the bat!
You hit the endoplasm.
Lightning courses through the endoplasm!
You kill the endoplasm!
Aiming: Sandblast (safe; 1% risk of failure)
Press: ? - help, Q - select action, (/) - cycle Shift-Dir - straight line, f - ogre
Aim: an ogre, wielding a +0 giant club (91% to hit)
The blast of sand hits the ogre.
The ogre is lightly wounded.
You hit the ogre but do no damage.
The ogre is lightly wounded.
The ogre completely misses you.
You barely miss the ogre.
The ogre is lightly wounded.
The ogre hits you with a +0 giant club!!
Ouch! That really hurt!
You die...

#...##.# #....#######
#...##.# #...........
######.# #...........
#.# #........... #.#
##.......... #.#
#########'# #.# #.#
#.# #.# #@# #.# . #O#
#.# ... #.# #..
...(.##.# ###
.....'..#############
.....#####..........#
.... #..........##
.## #...........#
#.####
#.........>.###


You could see an ogre.

Vanquished Creatures
  3 gnolls (D:2)
  2 adders (D:2)
  2 dart slugs (D:1)
  3 endoplasms
  A giant cockroach (D:1)
  3 goblins
  4 hobgoblins
  2 quokkas (D:1)
  2 ball pythons
  3 bats
  3 frilled lizards (D:2)
  6 kobolds (D:1)
  5 rats
39 creatures vanquished.

Vanquished Creatures (others)
  4 toadstools (D:3)
4 creatures vanquished.

Grand Total: 43 creatures vanquished

Notes
Turn   | Place    | Note
-------+----------+-------------------------------------------
     0 | D:1      | dracfodder the Gargoyle Earth Elementalist began the quest
                  | for the Orb.
     0 | D:1      | Reached XP level 1. HP: 10/10 MP: 3/3
   242 | D:1      | Reached skill level 4 in Earth Magic
   274 | D:1      | Reached XP level 2. HP: 15/15 MP: 3/5
   332 | D:2      | Noticed an ogre
   391 | D:1      | Learned a level 2 spell: Passwall
   955 | D:1      | Reached XP level 3. HP: 19/19 MP: 3/6
   959 | D:1      | Learned a level 3 spell: Stone Arrow
  1537 | D:2      | Reached skill level 5 in Earth Magic
  1537 | D:2      | Reached XP level 4. HP: 18/24 MP: 1/8
  2084 | D:2      | Slain by an ogre

Illustrated notes

Levels and vault maps discovered:
D:1:      dpeg_arrival_rooms_c, layout_basic, minmay_misc_feat_nine_boxes,
          amcnicky_mini_rare_corridor_liquid
D:2:      layout_basic, mrwooster_statue_mirror
D:3:      layout_loops_ring, shapermc_ecumenical_altar_hornbeckon,
          minmay_misc_feat_chi, minmay_gold_behind_fungi

Skill      XL: |  1  2  3  4 |
---------------+-------------+-----
Earth Magic    | 4 5 |  5.2
Spellcasting   | 3 |  3.1
Dodging        | |  1.6
Stealth        | |  2.2
Transmutations | |  0.8

Action                   |  1- 3 |  4- 6 || total
-------------------------+-------+-------++-------
Melee: Dagger            |     5 |     4 ||     9
Throw: Javelin           |    10 |     2 ||    12
 Cast: Sandblast         |    41 |     9 ||    50
       Stone Arrow       |     1 |     2 ||     3
  Use: Scroll            |     4 |     1 ||     5
Armor: Robe              |     4 |       ||     4
Dodge: Dodged            |    18 |     1 ||    19

Table legend: (Time is in decaauts)
 A = Elapsed time spent in this place.
 B = Non-inter-level travel time spent in this place.
 C = Inter-level travel time spent in this place.
 D = Time resting spent in this place.
 E = Time spent auto-exploring this place.
 F = Levels seen in this place.
 G = Mean time per level.
                   A        B        C        D        E       F      G
               +--------+--------+--------+--------+--------+-----+--------+
         Total |   2094 |   1939 |    155 |    412 |   1094 |   3 |  698.0 |
       Dungeon |   2094 |   1939 |    155 |    412 |   1094 |   3 |  698.0 |
               +--------+--------+--------+--------+--------+-----+--------+

Top non-repeatable levels by time:
     D:1: 1268 daAuts
     D:2: 817 daAuts
     D:3: 8 daAuts
